AoeStats
← Theminer

Pilgrims

509983214Analyzed
2v2 RM · 4d ago on Sep 28, 2026· 20m 20s· 4 players
Game mode
Random Map
Map size
Medium (4 player)
Population
200
Speed
Normal
Resources
Standard
Victory
Conquest
Starting age
Dark Age
Ending age
Imperial Age
RankedLock teamsTeams togetherTeam positionsShared explorationLock speedFull tech treeHidden civsTurbo modeCheats
Victory
Defeat
🇦🇷 Armenians · Argentina
1046
+14
🇦🇷 Bohemians · Argentina
1042
+14
1012
-14
🇦🇷 Turks · Argentina
1002
-14
ΝΑΥ/ΧΟΣ ΛΥΜΠΕΡΗΣ
9:01 Loom
11:25 Feudal Age
Ochen
12:09 Feudal Age
14:05 Fishing Lines
16:49 Castle Age
15:33 Double-Bit Axe
19:12 Medium Warships
19:40 Bloodlines
19:30 Husbandry
Theminer
2:54 Loom
10:59 Feudal Age
12:56 Wheelbarrow
Limón
5:07 Loom
12:24 Feudal Age
12:36 Man-at-Arms
13:06 Arson
15:05 Wheelbarrow
Connection lost

Rejoining the realm…

Still unreachable

The connection could not be restored.

Session expired

The server has moved on; the page needs a fresh start.